 Dungeon Crawl Stone Soup version 0.29-a0-416-g83a48905f1 (webtiles) character file.

Game seed: 6419039041731900852

18 Essalna the Sneak (level 2, 0/16 HPs)
             Began as a Spriggan Delver on May 16, 2022.
             Succumbed to an adder's poison
             ... on level 5 of the Dungeon.
             The game lasted 00:00:40 (128 turns).

Essalna the Sneak (Spriggan Delver)                  Turns: 128, Time: 00:00:41

Health: 0/16       AC:  2    Str:  8    XL:     2   Next: 51%
Magic:  3/3        EV: 17    Int: 11    God:
Gold:   0          SH:  0    Dex: 16    Spells: 1/1 levels left

rFire   . . .      SeeInvis +   a - +0 short sword
rCold   . . .      Faith    .   (no shield)
rNeg    . . .      Spirit   .   b - +0 robe
rPois   .          Reflect  .   (helmet restricted)
rElec   .          Harm     .   (no cloak)
rCorr   .          Rampage  .   (gloves unavailable)
Will    .....                   (boots unavailable)
Stlth   ++++......              (no amulet)
HPRegen 0.05/turn               (no ring)
MPRegen 0.08/turn               (no ring)

@: lethally poisoned (0 -> -2), very quick
A: very small, no large weapons, unfitting armour, see invisible, speed 3
a: no special abilities


You were on level 5 of the Dungeon.
You visited 1 branch of the dungeon, and saw 1 of its levels.

Inventory:

Hand Weapons
 a - a +0 short sword (weapon)
Armour
 b - a +0 robe (worn)
Wands
 g - a wand of digging (3)
Scrolls
 c - a scroll of fog
 d - a scroll of magic mapping
 e - a scroll of fear
Potions
 f - a potion of haste


   Skills:
 + Level 2.6 Fighting
 + Level 2.6 Short Blades
 + Level 3.1 Dodging
 + Level 7.5 Stealth


You had one spell level left.
You didn't know any spells.
Your spell library was empty.

Dungeon Overview and Level Annotations

Branches:
Dungeon (5/15)
 Temple: D:4-7

Altars:


Innate Abilities, Weirdness & Mutations

You are very small and have problems with some larger weapons.
You are too small for most types of armour.
You have supernaturally acute eyesight. (SInv)
You cover ground extremely quickly. (Speed+++)


Message History

The adder is moderately wounded.
The adder barely misses you.
You barely miss the adder.
The adder is moderately wounded.
The adder misses you.
You barely miss the adder.
The adder is moderately wounded.
The adder closely misses you.
You hit the adder.
The adder is severely wounded.
The adder barely misses you. The adder completely misses you.
You hit the adder but do no damage.
The adder is severely wounded.
The adder bites you.
You hit the adder.
The adder is severely wounded.
The adder misses you.
You hit the adder.
The adder is almost dead.
The adder closely misses you. x2
You barely miss the adder.
The adder is almost dead.
The adder bites you but does no damage.
You hit the adder but do no damage.
The adder is almost dead.
The adder bites you.
* * * LOW HITPOINT WARNING * * *
You are lethally poisoned!
The adder poisons you!
You hit the adder.
You kill the adder!
* * * LOW HITPOINT WARNING * * *
You feel sick.
* * * LOW HITPOINT WARNING * * *
You feel sick.
* * * LOW HITPOINT WARNING * * *
You feel sick.
Okay, then.
There is a lethal amount of poison in your body!
You die...

############
#..>.......#
#...)...@..#
#...########
##...##...#
#.........#
#.........+
######.####
#g..#
#w..........#
#sS##..#......#


There were no monsters in sight!

Vanquished Creatures
  A gnoll (D:5)
  An adder (D:5)
2 creatures vanquished.

Notes
Turn   | Place    | Note
-------+----------+-------------------------------------------
     0 | D:5      | Essalna the Spriggan Delver began the quest for the Orb.
     0 | D:5      | Reached XP level 1. HP: 11/11 MP: 2/2
     7 | D:5      | Noticed a scorpion
    31 | D:5      | Reached XP level 2. HP: 6/16 MP: 3/3
   128 | D:5      | Succumbed to an adder's poison

Illustrated notes

Levels and vault maps discovered:
D:5:      layout_gridville, kennysheep_slug_shrine,
          gammafunk_temple_overflow_elements, kennysheep_small_spiral,
          minmay_increasing_density, uniq_ijyb, uniq_menkaure

Skill      XL: |  1 |
---------------+----+-----
Dodging        | 3 |  3.1
Fighting       | |  2.6
Short Blades   | |  2.6
Stealth        | |  7.5

Action                   || total
-------------------------++-------
Melee: Short sword       ||    19
Armor: Robe              ||     1
Dodge: Dodged            ||    16

Table legend: (Time is in decaauts)
 A = Elapsed time spent in this place.
 B = Non-inter-level travel time spent in this place.
 C = Inter-level travel time spent in this place.
 D = Time resting spent in this place.
 E = Time spent auto-exploring this place.
 F = Levels seen in this place.
 G = Mean time per level.
                   A        B        C        D        E       F      G
               +--------+--------+--------+--------+--------+-----+--------+
         Total |    114 |    109 |      5 |      0 |     78 |   1 |  114.0 |
       Dungeon |    114 |    109 |      5 |      0 |     78 |   1 |  114.0 |
               +--------+--------+--------+--------+--------+-----+--------+

Top non-repeatable levels by time:
     D:5: 114 daAuts
